 Dungeon Crawl Stone Soup version 0.23.2-33-g5129a83184 (webtiles) character file.

Game seed: 17994129653681482584

31808 DungeonDestroyer the Severer (level 13, -1/133 HPs)
             Began as a Deep Dwarf Fighter on July 23, 2019.
             Was the Champion of Okawaru.
             Hit by a large rock thrown by a cyclops (13 damage)
             ... on level 13 of the Dungeon on July 27, 2019.
             The game lasted 00:49:24 (12582 turns).

DungeonDestroyer the Severer (Deep Dwarf Fighter)  Turns: 12582, Time: 00:49:25

Health: -1/133     AC: 25    Str: 31    XL:     13   Next: 28%
Magic:  2/3        EV:  6    Int: 13    God:    Okawaru [******]
Gold:   700        SH: 13    Dex: 16    Spells: 12/12 levels left

rFire    . . .     SeeInvis .   E - +1 war axe (chop)
rCold    . . .     Gourm    .   c - +0 shield
rNeg     + . .     Faith    .   o - +3 plate armour {rN+}
rPois    +         Spirit   .   b - +2 helmet
rElec    .         Reflect  .   k - +0 cloak
rCorr    .         Harm     .   D - +0 pair of gloves {Dex+3}
MR       ++...                  s - +1 pair of boots {Stlth+}
Stlth    ..........             (no amulet)
HPRegen  0.00/turn              w - ring of protection from magic
MPRegen  0.08/turn              G - ring "Lepey" {rPois Str+3 Int+3 Slay+1 Stlth+}

@: mighty, non-regenerating
A: damage resistance, heal wounds, sense surroundings 2, robust 1, MP-powered
wands, no regeneration
a: Heal Wounds, Heroism, Finesse, Renounce Religion


You were on level 13 of the Dungeon.
You worshipped Okawaru.
Okawaru was exalted by your worship.
You were not hungry.

You visited 2 branches of the dungeon, and saw 14 of its levels.

You collected 945 gold pieces.
You spent 245 gold pieces at shops.

Inventory:

Hand Weapons
 l - a +1 mace of holy wrath
 q - a +2 flail of draining
 E - a +1 war axe of chopping (weapon)
Armour
 b - a +2 helmet (worn)
 c - a +0 shield (worn)
 k - a +0 cloak (worn)
 o - a +3 plate armour of positive energy (worn)
 s - a +1 pair of boots of stealth (worn)
 D - a +0 pair of gloves of dexterity (worn)
Jewellery
 j - an uncursed ring of protection from cold
 w - a ring of protection from magic (left hand)
 y - an uncursed ring of protection from fire
 G - the ring "Lepey" (right hand) {rPois Str+3 Int+3 Slay+1 Stlth+}
   (You took it off a wight on level 11 of the Dungeon)

   [ring of slaying]

   It affects your strength (+3).
   It affects your intelligence (+3).
   It affects your accuracy and damage with ranged weapons and melee attacks
   (+1).
   It protects you from poison.
   It makes you more stealthy.
Wands
 g - a wand of scattershot (4)
 r - a wand of random effects (78)
 z - a wand of iceblast (6)
Scrolls
 i - 4 scrolls of teleportation
 m - 3 scrolls of enchant weapon
 n - 4 scrolls of identify
 t - 5 scrolls of remove curse
 u - 2 scrolls of fear
 C - a scroll of blinking
 F - a scroll of enchant armour
Potions
 d - 2 potions of might
 e - 3 potions of haste
 h - 8 potions of curing
 x - a potion of flight
 B - a potion of cancellation
Comestibles
 a - 4 chunks of flesh
 f - 15 rations


   Skills:
 * Level 9.5 Fighting
 * Level 15.9(16.0) Axes
 - Level 1.2(10.0) Maces & Flails
 + Level 8.4 Armour
 + Level 8.5 Shields
 * Level 8.8 Invocations
 * Level 9.3 Evocations


You had 12 spell levels left.
You didn't know any spells.
Your spell library contained the following spells:

 Spells                   Type           Power        Failure   Level  Hunger
 Apportation              Tloc           #.....       99%         1    ##.....
 Corona                   Hex            #......      99%         1    ##.....
 Summon Butterflies       Summ           #.......     99%         1    ##.....
 Ensorcelled Hibernation  Hex/Ice        #.....       100%        2    ###....
 Confuse                  Hex            #.......     100%        3    ####...
 Dazzling Spray           Conj/Hex       #.....       100%        3    ####...
 Lesser Beckoning         Tloc           #.........   100%        3    ####...
 Tukima's Dance           Hex            #.......     100%        3    ####...
 Alistair's Intoxication  Tmut/Pois      #.......     100%        5    ######.
 Bolt of Magma            Conj/Fire/Erth #.........   100%        5    ######.
 Iskenderun's Battlesphe  Conj/Chrm      #.......     100%        5    ######.
 Venom Bolt               Conj/Pois      #.........   100%        5    ######.
 Invisibility             Hex            #.......     100%        6    #######
 Iron Shot                Conj/Erth      #.........   100%        6    #######
 Orb of Destruction       Conj           #.........   100%        7    #######
 Spellforged Servitor     Conj/Summ      #.........   100%        7    #######


Dungeon Overview and Level Annotations

Branches:
Dungeon (13/15)            Temple (1/1) D:5            Lair (0/6) D:9
    Orc (0/2) D:9          Vaults (0/5) D:13

Altars:
Ashenzari
Cheibriados
Dithmenos
Elyvilon
Fedhas
Gozag
Hepliaklqana
Kikubaaqudgha
Makhleb
Nemelex Xobeh
Okawaru
Qazlal
Ru
Sif Muna
Trog
Uskayaw
Vehumet
Wu Jian
Xom
Yredelemnul
Zin
The Shining One

Shops:
D:7 !   D:8 [   D:9 [**

Annotations:
D:11 3 runed translucent doors, Hycrow's ghost, journeyman MiBe; troglodite's ghost, journeyman DrSk


Innate Abilities, Weirdness & Mutations

You are resistant to damage.
You can heal yourself by infusing magical energy.
You passively map the area around you.
You do not regenerate.
You are robust. (+10% HP)
You expend magic power (3 MP) to strengthen your wands.


Message History

The hornet zombie is almost destroyed.
The iron imp laughs crazily.
The hornet zombie hits you.
* * * LOW HITPOINT WARNING * * *
You slice the hornet zombie!!
You destroy the hornet zombie!
Okawaru accepts your kill.
The kobold demonologist casts a cantrip, but nothing happens.
The soul eater draws from the surrounding life force!
* * * LOW HITPOINT WARNING * * *
Unknown command.
Unknown command.
The iron imp disappears for a moment.
The kobold demonologist looks satisfied for a moment.
The cyclops throws a large rock.
The large rock hits you!!
* * * LOW HITPOINT WARNING * * *
You see here a large rock.
The kobold demonologist gestures wildly while chanting.
The cyclops throws a large rock.
The large rock hits you!
You die...

* #...##....# *, *
#.....###.# * *
#.#######.# ,, * #.#
####..### , , ,
##.###....###.,* , , *
##..##...#####. ,,,*
##..####..# #..## , ,,*
#..## #).## *#.)## ,
##@## ##..# ##.)< , * *
#.(## ##.## #### , ,*
###.## #..## ## * ****
##)## ##..## #. ##C##
##..####. *
##.#######yK#####..##..
*
...........535...#.....
*
*...##.....s.##...##....
* * ##..Z.T####..#####.


You could see a soul eater, a cyclops, a kobold demonologist, a hornet, an iron
imp and a shadow imp.

Vanquished Creatures
  Kirke (D:13)
  Harold (D:10)
  Erolcha (D:11)
  4 vault guards (D:13)
  3 hydras
  4 two-headed ogres
  5 skeletal warriors (D:11)
  2 unseen horrors (D:11)
  6 ugly things
  Joseph (D:7)
  2 centaur zombies
  Psyche (D:8)
  3 meliai (D:13)
  2 trolls
  A hornet (D:12)
  2 dream sheep (D:11)
  2 hippogriffs
  Grinder (D:5)
  A slime creature (D:13)
  A vampire (D:12)
  A shadow (D:11)
  A wraith (D:11)
  6 yaks
  A wyvern (D:11)
  2 humans (D:13)
  Grum (D:8)
  A steam dragon (D:11)
  4 hungry ghosts
  Edmund (D:5)
  2 acid dragons (D:11)
  A water moccasin (D:12)
  3 ice beasts
  15 orc warriors
  2 black bears
  A hornet zombie (D:13)
  3 phantoms
  2 sky beasts
  2 wolves (D:8)
  4 necrophages (D:8)
  An eye of draining (D:12)
  11 ogres
  6 centaurs
  6 big kobolds
  4 bullfrogs
  Blork the orc (D:6)
  A wyvern zombie (D:8)
  3 gnoll sergeants
  A water moccasin zombie (D:8)
  7 scorpions
  A troll zombie (D:9)
  5 killer bees (D:11)
  6 wights
  4 howler monkeys
  4 crimson imps
  2 quasits (D:9)
  Crazy Yiuf (D:2)
  13 hounds
  6 jellies
  6 orc priests
  A bullfrog skeleton (D:6)
  8 orc wizards
  6 centaur skeletons
  3 iguanas
  10 worker ants
  Natasha (thrice) (D:4)
  2 killer bee zombies
  7 ogre zombies (D:9)
  2 hound skeletons
  3 worker ant zombies
  20 adders
  27 gnolls
  2 howler monkey skeletons
  3 shadow imps
  2 adder zombies
  5 dart slugs
  7 leopard geckos
  66 orcs
  6 bats
  8 giant cockroaches
  6 goblins
  8 hobgoblins
  19 jackals
  6 quokkas
  5 frilled lizards
  3 goblin skeletons (D:9)
  2 goblin zombies (D:9)
  4 hobgoblin skeletons (D:9)
  3 hobgoblin zombies (D:9)
  20 kobolds
  13 orc zombies (D:9)
  A quokka skeleton (D:4)
  8 rats
  5 bushes (D:8)
  2 plants
482 creatures vanquished.

Vanquished Creatures (others)
  3 humans (D:13)
  A bush (D:8)
  9 plants
  3 withered plants (D:11)
16 creatures vanquished.

Grand Total: 498 creatures vanquished

Notes
Turn   | Place    | Note
-------+----------+-------------------------------------------
     0 | D:1      | DungeonDestroyer the Deep Dwarf Fighter began the quest for
                  | the Orb.
     0 | D:1      | Reached XP level 1. HP: 20/20 MP: 1/1
   135 | D:1      | Reached XP level 2. HP: 24/27 MP: 2/2
   978 | D:1      | Reached skill level 3 in Axes
   981 | D:1      | Reached XP level 3. HP: 33/33 MP: 2/2
  1157 | D:2      | Gained mutation: You are dopey. (Int -2) [potion of
                  | mutation]
  1157 | D:2      | Gained mutation: Armour fits poorly on your strangely
                  | shaped body. [potion of mutation]
  1157 | D:2      | Gained mutation: You have an increased reservoir of magic.
                  | (+10% MP) [potion of mutation]
  1335 | D:2      | Reached XP level 4. HP: 37/42 MP: 3/3
  1345 | D:2      | Reached skill level 4 in Axes
  1569 | D:2      | Found a runed translucent door.
  1570 | D:2      | Noticed Crazy Yiuf
  1579 | D:2      | Killed Crazy Yiuf
  1579 | D:2      | Reached XP level 5. HP: 41/49 MP: 3/3
  2195 | D:3      | Reached skill level 5 in Axes
  2598 | D:4      | Reached XP level 6. HP: 47/56 MP: 4/4
  2760 | D:4      | Found a radiant altar of Vehumet.
  2770 | D:4      | Noticed Natasha
  2771 | D:4      | You fall through a shaft for 3 floors!
  2771 | D:7      | Found Meaf's Distillery.
  2774 | D:7      | Bought a potion of might for 52 gold pieces
  2774 | D:7      | Bought a potion of degeneration for 13 gold pieces
  2846 | D:7      | Reached skill level 6 in Axes
  2960 | D:7      | Found a blossoming altar of Fedhas.
  3061 | D:6      | Reached XP level 7. HP: 58/63 MP: 5/5
  3271 | D:5      | Entered Level 5 of the Dungeon
  3332 | D:5      | Found a shimmering altar of Xom.
  3337 | D:5      | Noticed Edmund
  3345 | D:5      | Killed Edmund
  3345 | D:5      | Reached skill level 7 in Axes
  3381 | D:5      | Noticed Grinder
  3391 | D:5      | Paralysed by Grinder for 6 turns
  3402 | D:5      | Paralysed by Grinder for 5 turns
  3410 | D:5      | Paralysed by Grinder for 2 turns
  3424 | D:5      | Killed Grinder
  3424 | D:5      | Reached skill level 8 in Axes
  3513 | D:5      | Reached XP level 8. HP: 24/73 MP: 6/6
  3883 | D:4      | Killed Natasha
  3883 | D:4      | Reached skill level 5 in Shields
  3987 | D:4      | Noticed Natasha
  3995 | D:4      | Killed Natasha
  4057 | D:4      | Noticed Natasha
  4061 | D:4      | Killed Natasha
  4262 | D:4      | Reached skill level 5 in Armour
  4488 | D:5      | Found a staircase to the Ecumenical Temple.
  4502 | D:5      | Reached skill level 9 in Axes
  4502 | D:5      | Reached skill level 1 in Evocations
  4522 | Temple   | Entered the Ecumenical Temple
  4601 | Temple   | Became a worshipper of Warmaster Okawaru
  4827 | D:6      | Noticed Blork the orc
  4836 | D:6      | Killed Blork the orc
  4923 | D:6      | Reached skill level 5 in Fighting
  5315 | D:6      | Gained mutation: You passively map the area around you.
                  | [Deep Dwarf growth]
  5315 | D:6      | Reached XP level 9. HP: 79/81 MP: 6/6
  5317 | D:6      | Reached skill level 10 in Axes
  5337 | D:6      | Reached * piety under Okawaru
  5375 | D:6      | Noticed a troll
  5414 | D:6      | Killed a troll
  6027 | D:7      | Found a snail-covered altar of Cheibriados.
  6031 | D:7      | Noticed Joseph
  6049 | D:7      | Killed Joseph
  6049 | D:7      | Reached skill level 1 in Invocations
  6429 | D:7      | Reached skill level 11 in Axes
  6663 | D:8      | Reached ** piety under Okawaru
  6693 | D:8      | Found a shattered altar of Ashenzari.
  7036 | D:8      | Found a blossoming altar of Fedhas.
  7107 | D:8      | Reached XP level 10. HP: 86/91 MP: 5/5
  7238 | D:8      | Noticed Psyche
  7242 | D:8      | Paralysed by Psyche for 6 turns
  7253 | D:8      | Killed Psyche
  7306 | D:8      | Lost mutation: You are dopey. (Int -2) [potion of mutation]
  7306 | D:8      | Lost mutation: You have an increased reservoir of magic.
                  | (+10% MP) [potion of mutation]
  7306 | D:8      | Lost mutation: Armour fits poorly on your strangely shaped
                  | body. [potion of mutation]
  7306 | D:8      | Gained mutation: You are robust. (+10% HP) [potion of
                  | mutation]
  7306 | D:8      | Gained mutation: You expend magic power (3 MP) to
                  | strengthen your wands. [potion of mutation]
  7518 | D:8      | Noticed Grum
  7557 | D:8      | Killed Grum
  7564 | D:8      | Found Pegyhealo's Antique Armour Shop.
  7590 | D:8      | Bought a pair of runed gloves for 180 gold pieces
  7914 | D:8      | Reached skill level 5 in Evocations
  7916 | D:8      | Reached *** piety under Okawaru
  7966 | D:8      | Reached skill level 12 in Axes
  8068 | D:9      | Found a white marble altar of Elyvilon.
  8077 | D:9      | Noticed a two-headed ogre
  8112 | D:9      | Killed a two-headed ogre
  8206 | D:9      | Found a staircase to the Orcish Mines.
  8217 | D:9      | Reached **** piety under Okawaru
  8530 | D:9      | Found Suyfush's Assorted Antiques.
  8704 | D:9      | Reached skill level 5 in Invocations
  8705 | D:9      | Found a staircase to the Lair.
  8723 | D:9      | Reached XP level 11. HP: 92/110 MP: 4/4
  8773 | D:9      | Found Ribostre's Armour Boutique.
  8970 | D:9      | Received a gift from Okawaru
  9021 | D:9      | Found an ancient bone altar of Kikubaaqudgha.
  9022 | D:9      | Found a glowing silver altar of Zin.
  9057 | D:9      | Noticed a two-headed ogre
  9066 | D:9      | Killed a two-headed ogre
  9066 | D:9      | Reached skill level 13 in Axes
  9235 | D:9      | Found Runtory's General Store.
  9339 | D:10     | Entered Level 10 of the Dungeon
  9362 | D:10     | Noticed Harold
  9387 | D:10     | Killed Harold
  9387 | D:10     | Reached ***** piety under Okawaru
  9606 | D:10     | Found an opulent altar of Gozag.
 10114 | D:11     | Noticed a red ugly thing
 10124 | D:11     | Killed a red ugly thing
 10176 | D:11     | Killed an unseen horror
 10245 | D:11     | Found a runed translucent gate.
 10245 | D:11     | Found a runed translucent gate.
 10246 | D:11     | Found a runed translucent gate.
 10274 | D:11     | Noticed Erolcha
 10289 | D:11     | Killed Erolcha
 10289 | D:11     | Received a gift from Okawaru
 10289 | D:11     | Reached ****** piety under Okawaru
 10303 | D:11     | Noticed a two-headed ogre
 10316 | D:11     | Killed a two-headed ogre
 10316 | D:11     | Reached skill level 14 in Axes
 10421 | D:11     | Noticed a skeletal warrior
 10424 | D:11     | Noticed a skeletal warrior
 10427 | D:11     | Noticed a skeletal warrior
 10438 | D:11     | Killed a skeletal warrior
 10446 | D:11     | Killed a skeletal warrior
 10455 | D:11     | Killed a skeletal warrior
 10531 | D:11     | Noticed a skeletal warrior
 10568 | D:11     | Killed a skeletal warrior
 10568 | D:11     | Reached XP level 12. HP: 80/121 MP: 5/5
 10732 | D:11     | Identified a scroll of acquirement
 10808 | D:11     | Noticed a three-headed hydra
 10825 | D:11     | Killed a four-headed hydra
 10944 | D:11     | Noticed troglodite's ghost (journeyman DrSk)
 10944 | D:11     | Noticed Hycrow's ghost (journeyman MiBe)
 11034 | D:11     | Received a gift from Okawaru
 11165 | D:11     | Reached skill level 1 in Maces & Flails
 11188 | D:11     | Reached skill level 15 in Axes
 11287 | D:11     | Identified the ring "Lepey" {rPois Str+3 Int+3 Slay+1
                  | Stlth+}
 11926 | D:12     | Received a gift from Okawaru
 12406 | D:13     | Noticed a six-headed hydra
 12418 | D:13     | Killed a six-headed hydra
 12436 | D:13     | Noticed Kirke
 12436 | D:13     | Noticed a five-headed hydra
 12447 | D:13     | Killed a five-headed hydra
 12447 | D:13     | Reached XP level 13. HP: 101/133 MP: 2/2
 12475 | D:13     | Noticed a sphinx
 12476 | D:13     | Killed Kirke
 12485 | D:13     | Found a gate to the Vaults.
 12582 | D:13     | Hit by a large rock thrown by a cyclops

Skill      XL: |  1  2  3  4  5  6  7  8  9 10 11 12 13 |
---------------+----------------------------------------+-----
Axes           | 3 4 5 6 8 9 11 12 14 15 | 15.9
Fighting       | 3 4 5 6 7 8 9 |  9.5
Armour         | 4 5 6 7 8 |  8.4
Shields        | 4 5 6 7 8 |  8.5
Evocations     | 2 4 6 7 8 9 |  9.3
Invocations    | 3 5 6 8 |  8.8
Maces & Flails | 1 |  1.2

Action                   |  1- 3 |  4- 6 |  7- 9 | 10-12 | 13-15 || total
-------------------------+-------+-------+-------+-------+-------++-------
Melee: War axe           |   126 |   153 |   466 |  1014 |    84 ||  1843
       Executioner's axe |       |       |       |    51 |       ||    51
       Mace              |       |       |       |    24 |       ||    24
       Flail             |       |       |       |    17 |    11 ||    28
Invok: Heroism           |       |       |     1 |     8 |       ||     9
 Abil: Heal Wounds       |     2 |     5 |    23 |    37 |       ||    67
Evoke: Wand              |       |       |       |     1 |     5 ||     6
  Use: Scroll            |     4 |     1 |     4 |     7 |       ||    16
       Potion            |     3 |     5 |     3 |     8 |     1 ||    20
  Eat: Chunk             |     2 |     3 |     2 |     3 |       ||    10
       Ration            |       |     2 |     2 |     9 |       ||    13
Armor: Scale mail        |    74 |     5 |       |       |       ||    79
       Plate armour      |       |    88 |   213 |   613 |    28 ||   942
Dodge: Dodged            |    54 |    35 |    61 |   208 |     4 ||   362
Block: Shield            |    72 |    97 |   221 |   447 |    19 ||   856
